 Dungeon Crawl Stone Soup version 0.19-a0-19-gf75ed07 (webtiles) character file.

1106 Mefis the Magician (level 8, -4/41 HPs)
             Began as a Deep Elf Wizard on Apr 30, 2016.
             Was a Follower of Sif Muna.
             Slain by an orc warrior
             ... wielding a +0 glaive
              (23 damage)
             ... on level 5 of the Dungeon.
             The game lasted 00:31:34 (8433 turns).

Mefis the Magician (Deep Elf Wizard)                Turns: 8433, Time: 00:31:34

Health: -4/41      AC:  5    Str:  4    XL:     8   Next: 11%
Magic:  1/19       EV: 14    Int: 26    God:    Sif Muna [*.....]
Gold:   349        SH:  0    Dex: 13    Spells: 7 memorised, 4 levels left

rFire  . . .     SeeInvis +     H - +2 short sword (distort)
rCold  . . .     Gourm    .     a - +0 robe
rNeg   . . .     Faith    .     (no shield)
rPois  .         Spirit   .     G - +0 helmet
rElec  .         Dismiss  .     i - +0 cloak
rCorr  +         Reflect  .     (no gloves)
SustAt .         Harm     .     R - +0 pair of boots (curse)
MR     .....                    (no amulet)
Stlth  +++.......               Q - ring of resist corrosion
                                y - ring of see invisible

@: very slightly contaminated, repel missiles, not resistant to hostile
enchantments, fairly stealthy
A: no striking features
a: Channel Energy, Renounce Religion


You were on level 5 of the Dungeon.
You worshipped Sif Muna.
Sif Muna was aware of your devotion.
You were very hungry.

You visited 2 branches of the dungeon, and saw 7 of its levels.
You also visited: Ossuary.

You collected 349 gold pieces.

Inventory:

Hand Weapons
 e - a +0 hand axe
 g - a +0 dagger
 E - a +0 dagger of venom
 H - a +2 short sword of distortion (weapon)
 J - a +0 hand crossbow
Missiles
 l - 68 arrows
 t - 11 poisoned needles
 x - 56 sling bullets
 C - 6 tomahawks
 D - 6 javelins (quivered)
Armour
 a - a +0 robe (worn)
 b - a +0 hat
 i - a +0 cloak (worn)
 G - a +0 helmet (worn)
 R - a cursed +0 pair of boots (worn)
Jewellery
 y - a ring of see invisible (left hand)
 Q - a ring of resist corrosion (right hand)
Wands
 B - a wand of teleportation (3/9)
 N - a wand of flame (16/48)
 O - a wand of iceblast (7/15)
Scrolls
 j - a scroll of recharging {unknown}
 k - a scroll of enchant weapon {unknown}
 m - 2 scrolls of teleportation {unknown}
 p - 7 scrolls of identify {unknown}
 q - 3 scrolls of remove curse {unknown}
 s - a scroll of noise {unknown}
 v - 2 scrolls of amnesia {unknown}
 w - 5 scrolls of magic mapping {unknown}
 z - a scroll of blinking {unknown}
 A - a scroll of fear {unknown}
 I - 2 scrolls of random uselessness {unknown}
 L - a scroll of immolation {unknown}
 P - a scroll of fog {unknown}
Potions
 n - a potion of brilliance {unknown}
 o - a potion of berserk rage {unknown}
 r - 3 potions of curing {unknown}
 u - a potion of mutation {unknown}
 F - 2 potions of agility {unknown}
 K - a potion of invisibility {unknown}
 M - a potion of haste {unknown}
Books
 c - a book of Minor Magic

   Spells                             Type                      Level
   a - Magic Dart                     Conjuration                  1
   b - Blink                          Translocation                2
   c - Call Imp                       Summoning                    2
   d - Repel Missiles                 Charms/Air                   2
   e - Slow                           Hexes                        2
   f - Conjure Flame                  Conjuration/Fire             3
   g - Mephitic Cloud                 Conjuration/Poison/Air       3
Comestibles
 d - 2 bread rations
 f - a royal jelly
 h - 4 meat rations


   Skills:
 + Level 4.6 Dodging
 + Level 4.8 Stealth
 + Level 6.2 Spellcasting
 + Level 3.0 Conjurations
 + Level 4.2 Charms
 + Level 2.9 Summonings
 + Level 3.2 Translocations
 + Level 2.5 Fire Magic
 + Level 2.5 Poison Magic
 + Level 3.2 Invocations


You had 4 spell levels left.
You knew the following spells:

 Your Spells              Type           Power        Failure   Level  Hunger
a - Magic Dart            Conj           ###.         1%          1    None
b - Call Imp              Summ           ###.....     3%          2    None
c - Blink                 Tloc           N/A          2%          2    None
d - Repel Missiles        Chrm/Air       ###...       4%          2    None
e - Mephitic Cloud        Conj/Pois/Air  ###.....     12%         3    None
f - Conjure Flame         Conj/Fire      ###.....     10%         3    None
g - Slow                  Hex            #.......     12%         2    None


Dungeon Overview and Level Annotations

Branches:
Dungeon (6/15)             Temple (1/1) D:5

Altars:
Ashenzari
Cheibriados
Elyvilon
Fedhas
Kikubaaqudgha
Makhleb
Okawaru
Pakellas
Qazlal
Ru
Sif Muna
Trog
Xom
Yredelemnul
Zin
The Shining One


Message History

The stinking cloud engulfs the orc warrior.
The stinking cloud engulfs the ogre.
The stinking cloud engulfs the orc.
The orc warrior is engulfed in noxious fumes.
The orc is engulfed in noxious fumes.
The orc appears confused.
Casting: Mephitic Cloud
Confirm with . or Enter, or press ? or * to list all spells.
Aiming: Conjure Flame
Press: ? - help, Dir - move target cursor, p - orc warrior The fire roars!
The orc warrior is engulfed in noxious fumes.
The orc warrior is engulfed in roaring flames.
The ogre is engulfed in noxious fumes.
The ogre appears confused.
The ogre chortles and stares into space.
The orc is engulfed in noxious fumes.
The orc appears confused.
The ogre is engulfed in noxious fumes.
Something completely misses the ogre.
You feel a bit more experienced.
The orc warrior hits you from afar with a glaive!!
Ouch! That really hurt!
You die...

####### #..)..# #.....# .#
###.....# .# ........##### #.
#.......... .# ..
..########......#####.## ##.( #.
#...#..@.o.....%........ ...
..<.....####.....####Oo... ...
#.###...# ####### #..### ..##
....#...# #o.# ...#
#...#.#...#### ####..#
#..###..##.#......#######...O)##
.......................)O........
##.#.#.#.###...#.##.).).###...#.#
...#.###.....#...###)#### ...##..


You could see an orc warrior.

Vanquished Creatures
  Grinder (D:5)
  Blork the orc (D:6)
  A howler monkey (D:4)
  2 crimson imps (D:5)
  2 centaur zombies (Ossuary)
  A hound (D:5)
  4 orc wizards
  A giant frog skeleton (D:4)
  2 big kobold zombies (Ossuary)
  A hound zombie (Ossuary)
  3 mummies (Ossuary)
  4 adders
  An ooze (D:1)
  4 adder zombies (Ossuary)
  A worm (D:3)
  5 dart slugs
  2 giant geckos
  8 orcs
  2 ball pythons
  6 giant cockroaches
  2 gnoll zombies (Ossuary)
  10 goblins
  11 hobgoblins
  12 jackals
  3 quokkas
  3 bats
  A giant gecko skeleton (D:5)
  2 giant newts
  3 goblin zombies (Ossuary)
  4 hobgoblin zombies (Ossuary)
  A jackal skeleton (D:5)
  2 jackal zombies (Ossuary)
  11 kobolds
  5 kobold zombies (Ossuary)
  2 orc zombies (Ossuary)
  2 quokka zombies (Ossuary)
  7 rats
  5 rat zombies (Ossuary)
138 creatures vanquished.

Vanquished Creatures (collateral kills)
  The ghost of Gorice the Conjurer, a novice DsVM (D:5)
  The ghost of Yehuk the Covered, an amateur MiBe of Trog (D:3)
  A scorpion (D:6)
  A worker ant (D:3)
  An adder (D:3)
  3 worms
  3 orcs
  A jackal (D:3)
  A kobold (D:3)
13 creatures vanquished.

Vanquished Creatures (others)
  2 adder zombies (Ossuary)
  A goblin (D:1)
3 creatures vanquished.

Grand Total: 154 creatures vanquished

Notes
Turn   | Place    | Note
--------------------------------------------------------------
     0 | D:1      | Mefis the Deep Elf Wizard began the quest for the Orb.
     0 | D:1      | Reached XP level 1. HP: 10/10 MP: 7/7
   177 | D:1      | Reached XP level 2. HP: 13/15 MP: 1/9
   185 | D:1      | Learned a level 2 spell: Call Imp
   188 | D:1      | Learned a level 2 spell: Blink
   191 | D:1      | Learned a level 2 spell: Repel Missiles
   474 | D:1      | Reached skill level 5 in Spellcasting
   776 | D:1      | Reached XP level 3. HP: 19/19 MP: 7/11
   781 | D:1      | Learned a level 3 spell: Mephitic Cloud
  1555 | D:2      | Reached skill level 1 in Charms
  1642 | D:2      | Found a blossoming altar of Fedhas.
  1865 | D:2      | Reached XP level 4. HP: 24/24 MP: 8/13
  1872 | D:2      | Learned a level 3 spell: Conjure Flame
  2231 | D:3      | Noticed Yehuk's ghost (amateur MiBe)
  2264 | D:3      | Found a faded altar to an unknown god.
  2313 | D:3      | Found an oddly glowing altar of Pakellas.
  2340 | D:3      | Killed Yehuk's ghost
  2340 | D:3      | Reached skill level 1 in Poison Magic
  2657 | D:3      | Reached XP level 5. HP: 28/28 MP: 11/14
  2690 | D:3      | Found a deep blue altar of Sif Muna.
  2709 | D:3      | Became a worshipper of Sif Muna the Loreminder
  3655 | D:3      | Reached skill level 1 in Invocations
  4367 | D:4      | Reached skill level 1 in Fire Magic
  4367 | D:4      | Reached XP level 6. HP: 28/32 MP: 0/16
  4507 | D:4      | Learned a level 2 spell: Slow
  4743 | D:4      | Found a sacrificial altar of Ru.
  4824 | D:4      | Found a shimmering altar of Xom.
  5150 | D:5      | Entered Level 5 of the Dungeon
  5208 | D:5      | Found a staircase to the Ecumenical Temple.
  5208 | D:5      | Noticed Gorice's ghost (novice DsVM)
  5687 | D:5      | Killed Gorice's ghost
  5802 | D:5      | Noticed Grinder
  5805 | Temple   | Entered the Ecumenical Temple
  6182 | D:5      | Paralysed by Grinder for 4 turns
  6448 | D:6      | Found a basalt altar of Yredelemnul.
  6527 | D:6      | Noticed Blork the orc
  6530 | D:6      | Found a sand-covered staircase.
  6541 | Ossuary  | Entered an ossuary
  7272 | Ossuary  | Reached XP level 7. HP: 35/36 MP: 10/17
  7814 | D:6      | Killed Blork the orc
  7814 | D:6      | Reached skill level 6 in Spellcasting
  8194 | D:5      | Paralysed by Grinder for 2 turns
  8205 | D:5      | Killed Grinder
  8205 | D:5      | Reached * piety under Sif Muna
  8205 | D:5      | Reached XP level 8. HP: 20/41 MP: 8/19
  8433 | D:5      | Slain by an orc warrior

Vault maps used:
D:1:      saegor_arrival_miasma
D:2:      dk_noncrumbling_3, fedhas_altar_1
D:3:      old_standard_altar, lemuel_doored_altar, ecumenical_altar_1,
          kennysheep_generic_room_15
D:4:      lemuel_round_altar, kennysheep_mini_moat, kennysheep_generic_room_2
D:5:      grunt_dithmenos_smoke, lemuel_round_altar, temple_doors_e,
          first_bread, guppyfry_early_orc_mine, uniq_grinder
D:6:      kennysheep_mini, chequers_ossuary_entry_cave, uniq_blork_the_orc
Temple:   triangle_lava_temple_11
Ossuary:  minmay_ossuary_two_tombs

Skill      XL: |  1  2  3  4  5  6  7  8 |
---------------+-------------------------+-----
Spellcasting   | 5 6 |  6.2
Dodging        | 3 4 |  4.6
Charms         | 1 2 3 4 |  4.2
Stealth        | 3 4 |  4.8
Conjurations   | 2 3 |  3.0
Summonings     | 2 |  2.9
Poison Magic   | 1 2 |  2.5
Invocations    | 1 2 3 |  3.2
Translocations | 2 3 |  3.2
Fire Magic     | 1 2 |  2.5

Action                   |  1- 3 |  4- 6 |  7- 9 || total
-------------------------+-------+-------+-------++-------
Melee: Hand axe          |     8 |       |       ||     8
       Dagger            |       |    12 |       ||    12
       Short sword       |       |     8 |    46 ||    54
Throw: Javelin           |       |    17 |       ||    17
       Tomahawk          |       |     2 |       ||     2
 Cast: Magic Dart        |   115 |   227 |   100 ||   442
       Repel Missiles    |     1 |     1 |       ||     2
       Call Imp          |     2 |    39 |     3 ||    44
       Conjure Flame     |       |     5 |     2 ||     7
       Mephitic Cloud    |       |     7 |     6 ||    13
       Blink             |       |     1 |       ||     1
Invok: Channel Energy    |       |       |     6 ||     6
  Use: Potion            |       |     1 |       ||     1
 Stab: Confused          |       |       |     1 ||     1
  Eat: Chunk             |     2 |    10 |     3 ||    15
       Pizza             |       |     1 |     1 ||     2
       Bread ration      |       |     1 |       ||     1
Armor: Robe              |     2 |    18 |    11 ||    31
Dodge: Dodged            |    16 |    60 |    44 ||   120
       Deflected         |       |     4 |       ||     4
